 Dungeon Crawl Stone Soup version 0.30.0-29-ga12c61a403 (webtiles) character file.

Game seed: 1253157565302417609

335 qw the Chopper (level 6, -23/38 HPs)
             Began as a Gargoyle Fighter on June 5, 2023.
             Killed from afar by an oklob plant (27 damage)
             ... with a splash of acid
             ... on level 3 of the Dungeon.
             The game lasted 00:01:30 (2651 turns).

qw the Chopper (Gargoyle Fighter)                   Turns: 2651, Time: 00:01:30

Health: -23/38     AC:  6    Str: 21    XL:     6   Next: 53%
Magic:  6/6        EV:  9    Int:  9    God:
Gold:   63         SH:  4    Dex:  9    Spells: 5/5 levels left

rFire   + . .        Y - +0 war axe
rCold   . . .        c - +0 buckler
rNeg    + . .        h - +2 scale mail {rF+}
rPois   inf          e - +0 helmet
rElec   +            (no cloak)
rCorr   .            (no gloves)
SInv    +            (no boots)
Will    .....        (no amulet) Stlth
                     j - ring of see invisible
HPRegen 0.26/turn    (no ring)
MPRegen 0.10/turn

%: no passive effects
@: corroded
A: sickness immunity, AC +4, negative energy resistance 1, electricity
resistance, torment resistance 1, petrification resistance
a: no special abilities


You were on level 3 of the Dungeon.
You visited 1 branch of the dungeon, and saw 3 of its levels.

You collected 99 gold pieces.
You spent 36 gold pieces at shops.


Innate Abilities, Weirdness & Mutations

You are immune to sickness and miasma.
Your stone body is resilient. (AC +4)
You are immune to poison.
You resist negative energy. (rN+)
You are resistant to electric shocks. (rElec)
You are resistant to unholy torment.
You are immune to petrification.


   Skills:
 - Level 4.0 Fighting
 + Level 5.3 Axes
 - Level 3.2 Armour
 - Level 1.6 Dodging
 - Level 3.2 Shields


You had 5 spell levels left.
You didn't know any spells.
Your spell library was empty.

Inventory:

Hand Weapons
 b - a +0 flail
 Y - a +0 war axe (weapon)
Armour
 c - a +0 buckler (worn)
 e - a +0 helmet (worn)
 h - a +2 scale mail of fire resistance (worn)
 p - a +0 chain mail
Jewellery
 j - a ring of see invisible (left hand)
Scrolls
 a - a scroll of magic mapping {unknown}
 k - a scroll of identify
Potions
 d - 3 potions of might
 f - a potion of degeneration {unknown}
 g - a potion of resistance {unknown}
 i - 4 potions of attraction
 m - a potion of flight {unknown}

Dungeon Overview and Level Annotations

Branches:
Dungeon (3/15)

Altars:
Fedhas
Gozag

Shops:
D:3 :*


Message History

The oklob plant is moderately damaged.
You hit the fungus but do no damage. You slash the plant!
A nearby fungus withers and dies.
You hit the oklob plant.
The oklob plant is moderately damaged.
You slash the plant! The oklob plant spits acid at you.
The splash of acid misses you.
You hit the oklob plant but do no damage.
The oklob plant is moderately damaged.
You hit the plant but do no damage.
A nearby plant withers and dies.
You slash the oklob plant!
The oklob plant is heavily damaged.
You hit the oklob plant.
The oklob plant is heavily damaged.
The oklob plant spits acid at you. The splash of acid hits you!!
The acid corrodes you!
You hit the oklob plant but do no damage.
The oklob plant is heavily damaged.
You hit the oklob plant but do no damage.
The oklob plant is heavily damaged.
You hit the oklob plant.
The oklob plant is heavily damaged.
You slash the oklob plant!
The oklob plant is heavily damaged.
You hit the oklob plant.
The oklob plant is severely damaged.
The oklob plant spits acid at you. The splash of acid hits you!!
Ouch! That really hurt!
The acid corrodes you!
You hit the oklob plant.
The oklob plant is severely damaged.
You slash the oklob plant!
The oklob plant is almost destroyed.
The oklob plant spits acid at you. The splash of acid hits you!!
Ouch! That really hurt!
You die...

PP#.~~~~._.~~~~.PPP. #.#
.PP.~~~~...~~~~.#P# #.#
#P#.~~~~~.~~~~~.PP### #.#
PP#..~~~~.~~~~..PP.P#####.# #
#P..~~~.~~~..PP#PP#.....#
.P#PP..~~.~~...#PPP##.###.#####
PPP.PP..........PP#P#..##...).#
P##PPP.#....#.......#...#.###.#
#.PP#P.P#...P..@.P.#.....# #.#
PPPP#PP#.PP##PP..P#P#...#.# #?#


.##PPP#PPPPP#PPPPPPP#..##.# #.# #####################.###.# #.# .#
##############..)....[.###.# .# #...............)))........# .#
#.###############.########## .###.## #.# .##...##############.# You could see an
oklob plant.

Vanquished Creatures
  A phantom (D:3)
  2 orc priests (D:3)
  Jessica (D:2)
  An orc wizard (D:3)
  Terence (D:2)
  A gnoll (D:1)
  2 adders
  A worm (D:3)
  5 dart slugs
  9 orcs (D:3)
  6 ball pythons
  4 bats
  4 endoplasms
  3 giant cockroaches
  6 goblins
  10 hobgoblins
  2 jackals (D:3)
  3 quokkas
  7 frilled lizards
  7 kobolds
  5 rats
81 creatures vanquished.

Notes
Turn   | Place    | Note
-------+----------+-------------------------------------------
     0 | D:1      | qw the Gargoyle Fighter began the quest for the Orb.
     0 | D:1      | Reached XP level 1. HP: 14/14 MP: 1/1
     0 | D:1      | 0 ||| qw: Version: 0.2-a-108-gee2c290
     0 | D:1      | 0 ||| qw: Game counter: 1456
     0 | D:1      | 0 ||| qw: Always use a shield: true
     0 | D:1      | 0 ||| qw: God list: Okawaru
     0 | D:1      | 0 ||| qw: Allow faded altars: false
     0 | D:1      | 0 ||| qw: Do Orc after D:15 true
     0 | D:1      | 0 ||| qw: Do second Lair branch before Depths: true
     0 | D:1      | 0 ||| qw: Lair rune preference: random
     0 | D:1      | 0 ||| qw: Plans: Normal, Zot:1-4, Slime:5, God:TSO, Crypt,
                  | Tomb, Abyss, Pan, Hells, Win
     0 | D:1      | 0 ||| PLANNING D:1-11
    45 | D:1      | Reached skill level 2 in Axes
    46 | D:1      | Reached XP level 2. HP: 10/19 MP: 2/2
   106 | D:1      | 106 ||| Stepping ~*~*~tactically~*~*~ (hiding).
   107 | D:1      | 107 ||| Stepping ~*~*~tactically~*~*~ (hiding).
   216 | D:1      | Found a faded altar of an unknown god.
   217 | D:1      | 217 ||| Stepping ~*~*~tactically~*~*~ (hiding).
   226 | D:1      | Reached skill level 3 in Axes
   246 | D:1      | Reached XP level 3. HP: 23/23 MP: 3/3
   311 | D:1      | 311 ||| Stepping ~*~*~tactically~*~*~ (hiding).
   630 | D:1      | 630 ||| Stepping ~*~*~tactically~*~*~ (hiding).
   631 | D:1      | 631 ||| Stepping ~*~*~tactically~*~*~ (hiding).
   716 | D:1      | 716 ||| UPGRADING to +0 helmet.
   721 | D:1      | 721 ||| UPGRADING to ring of see invisible.
   722 | D:1      | 722 ||| READING scroll labelled PIYDIUR ELEAJ.
   723 | D:1      | 723 ||| READING scroll labelled ILACOQ HIAF.
   824 | D:1      | 824 ||| READING scroll labelled RIBOFF CACZO.
   857 | D:2      | Reached XP level 4. HP: 28/28 MP: 4/4
   971 | D:2      | Noticed Terence
   978 | D:2      | Killed Terence
   979 | D:2      | Reached skill level 4 in Axes
  1114 | D:2      | Noticed Jessica
  1118 | D:2      | Killed Jessica
  1119 | D:2      | Reached XP level 5. HP: 25/32 MP: 5/5
  1148 | D:2      | 1148 ||| DROPPING +0 club.
  1489 | D:2      | 1489 ||| Stepping ~*~*~tactically~*~*~ (hiding).
  1741 | D:2      | 1741 ||| UPGRADING to +2 scale mail of fire resistance.
  1751 | D:2      | 1751 ||| DROPPING +0 scale mail.
  1752 | D:2      | 1752 ||| READING scroll labelled XOIFUSCHAET.
  1753 | D:2      | 1753 ||| READING scroll labelled KIRUYZX RUBIES.
  1754 | D:2      | 1754 ||| READING scroll labelled IWOONE PITHI.
  1755 | D:2      | 1755 ||| READING scroll labelled VEYDGH TAUQUOCW.
  1756 | D:2      | 1756 ||| READING scroll labelled FORODD CIATZI.
  1757 | D:2      | 1757 ||| DRINKING 2 bubbling purple potions.
  1793 | D:3      | Found Raann's General Store.
  1820 | D:3      | 1820 ||| SHOPLISTING +1 helmet (138 gold, have 46).
  1820 | D:3      | 1820 ||| BUYING potion of attraction (36 gold).
  1820 | D:3      | Bought a potion of attraction for 36 gold pieces
  1820 | D:3      | 1820 ||| SHOPLISTING potion of curing (36 gold, have 10).
  1820 | D:3      | 1820 ||| SHOPLISTING potion of heal wounds (60 gold, have
                  | 10).
  1820 | D:3      | 1820 ||| SHOPLISTING potion of lignification (36 gold, have
                  | 10).
  1823 | D:3      | 1823 ||| Stepping ~*~*~tactically~*~*~ (stealth).
  1825 | D:3      | 1825 ||| Stepping ~*~*~tactically~*~*~ (stealth).
  1828 | D:3      | 1828 ||| DRINKING potion of curing.
  1828 | D:3      | 1828 ||| (to cure confusion)
  1836 | D:3      | Reached skill level 5 in Axes
  1860 | D:3      | Found an opulent altar of Gozag.
  1884 | D:3      | 1884 ||| Stepping ~*~*~tactically~*~*~ (stealth).
  1888 | D:3      | 1888 ||| Stepping ~*~*~tactically~*~*~ (stealth).
  1892 | D:3      | 1892 ||| Stepping ~*~*~tactically~*~*~ (hiding).
  1913 | D:3      | 1913 ||| Stepping ~*~*~tactically~*~*~ (stealth).
  1927 | D:3      | Reached XP level 6. HP: 11/38 MP: 6/6
  2056 | D:3      | Reached skill level 1 in Dodging
  2352 | D:3      | 2352 ||| DROPPING +1 spectral club.
  2479 | D:3      | Found Puffon Zyoto's Book Shoppe.
  2593 | D:3      | Found a blossoming altar of Fedhas.
  2617 | D:3      | Noticed an oklob plant
  2649 | D:3      | HP: 3/38 [oklob plant/splash of acid (19)]
  2651 | D:3      | Killed from afar by an oklob plant

Levels and vault maps discovered:
D:1:      psy_arrival_basics, layout_basic, hellmonk_ecumenical_altar_crossroads
D:2:      minmay_chambers_of_ones, layout_basic, grunt_ministairs_9,
          uniq_terence, uniq_jessica
D:3:      layout_loops_ring, tgw_fedhas, grunt_gozag_statues, tgw_sif,
          serial_shops, shop_statue, shop

Skill      XL: |  1  2  3  4  5  6 |
---------------+-------------------+-----
Axes           | 2 3 4 5 |  5.3
Fighting       | 4 |  4.0
Dodging        | 1 |  1.6
Armour         | |  3.2
Shields        | |  3.2

Action                     |  1- 3 |  4- 6 || total
---------------------------+-------+-------++-------
  Melee: War axe           |    77 |   158 ||   235
    Use: Scroll            |     3 |     5 ||     8
         Potion            |       |     2 ||     2
 Armour: Scale mail        |    41 |    78 ||   119
  Dodge: Dodged            |    47 |    49 ||    96
  Block: Buckler           |     8 |    18 ||    26

Table legend:
 A = Non-vault XP
 B = Vault XP
 C = Vault XP percentage of total XP
 D = Non-vault monster count
 E = Vault monster count
 F = Vault count percentage of total count
                 A         B        C        D         E       F
            +---------+---------+-------+---------+---------+-------
      Total |     396 |      83 |  17.3 |      72 |       9 |  11.1
            +---------+---------+-------+---------+---------+-------
        D:1 |      65 |       0 |   0.0 |      27 |       0 |   0.0
        D:2 |      36 |      83 |  69.7 |      15 |       9 |  37.5
        D:3 |     295 |       0 |   0.0 |      30 |       0 |   0.0
            +---------+---------+-------+---------+---------+-------
